 Dungeon Crawl Stone Soup version 0.22-b1-21-g5cfc168 (webtiles) character file.

28 letownia2 the Insei (level 3, 3/26 HPs)
             Began as a Demonspawn Transmuter on Aug 3, 2018.
             Quit the game on level 1 of the Dungeon.
             The game lasted 00:01:27 (257 turns).

letownia2 the Insei (Demonspawn Transmuter)          Turns: 257, Time: 00:01:28

Health: 3/26       AC:  2    Str: 11    XL:     3   Next: 0%
Magic:  3/6        EV: 12    Int: 14    God:
Gold:   25         SH:  0    Dex: 16    Spells: 5/6 levels left

rFire    . . .     SeeInvis .     - Unarmed
rCold    + . .     Gourm    .   (no shield)
rNeg     . . .     Faith    .   b - +0 robe
rPois    .         Spirit   .   (no helmet)
rElec    .         Reflect  .   (no cloak)
rCorr    .         Harm     .   (no gloves)
MR       .....                  (no boots)
Stlth    +.........             (no amulet)
HPRegen  0.08/turn              f - +3 ring of dexterity
MPRegen  0.10/turn              (no ring)

@: appendage, very slightly contaminated
A: horns 2, cold resistance 1
a: End Transformation


You were on level 1 of the Dungeon.
You were not hungry.
You had grown temporary horns.
You visited 1 branch of the dungeon, and saw 2 of its levels.

You collected 25 gold pieces.

Inventory:

Missiles
 a - 12 arrows
Armour
 b - a +0 robe (worn)
Jewellery
 f - a +3 ring of dexterity (left hand)
Scrolls
 c - a scroll of noise {unknown}
 e - a scroll of enchant armour {unknown}
 g - a scroll of remove curse {unknown}
Comestibles
 d - 3 rations


   Skills:
 - Level 1.0 Fighting
 - Level 1.7 Dodging
 + Level 3.8 Unarmed Combat
 - Level 2.0 Spellcasting
 - Level 1.7 Transmutations


You had 5 spell levels left.
You knew the following spells:

 Your Spells              Type           Power        Failure   Level  Hunger
a - Beastly Appendage     Tmut           #.....       12%         1    ##.....

Your spell library contained the following spells:

 Spells                   Type           Power        Failure   Level  Hunger
 Spider Form              Tmut/Pois      #.........   45%         3    ####...
 Blade Hands              Tmut           #.........   97%         5    ######.
 Ice Form                 Ice/Tmut       #.......     86%         4    #####..
 Sticks to Snakes         Tmut           #.......     17%         2    ###....


Dungeon Overview and Level Annotations

Branches:
Dungeon (2/15)

Altars:


Innate Abilities, Weirdness & Mutations

Your flesh is cold resistant. (rC+)
You have a pair of horns on your head.


Message History

You climb upwards.
The ball python hisses angrily.
There is a stone staircase leading down here.
Casting: Beastly Appendage (safe; 12% risk of failure)
Confirm with . or Enter, or press ? or * to list all spells.
You miscast Beastly Appendage.
You are very lightly contaminated with residual magic.
Nothing appears to happen.
Casting: Beastly Appendage (safe; 12% risk of failure)
Confirm with . or Enter, or press ? or * to list all spells.
You grow a pair of large bovine horns.
You closely miss the ball python. The ball python barely misses you. x2
You hit the ball python.
You kill the ball python!
You have reached level 3!
Your experience leads to an increase in your attributes!
Your base attributes are Str 10, Int 14, Dex 13.
Increase (S)trength, (I)ntelligence, or (D)exterity?
You feel stronger.
Are you sure you want to abandon this character and quit the game? (Confirm with "yes".)

######
#....#
#....#
#....####
#@.......
#....####
#.......#
#.##....#
#.# ....#
#.# ...#
#.. ...
#.# ###


There were no monsters in sight!

Vanquished Creatures
  An adder (D:2)
  An adder zombie (D:1)
  2 dart slugs (D:2)
  A leopard gecko (D:1)
  3 bats
  A hobgoblin (D:1)
  A ball python (D:1)
  2 frilled lizards (D:2)
  A giant cockroach zombie (D:1)
13 creatures vanquished.

Notes
Turn   | Place    | Note
-------+----------+-------------------------------------------
     0 | D:1      | letownia2 the Demonspawn Transmuter began the quest for the Orb.
     0 | D:1      | Reached XP level 1. HP: 15/15 MP: 3/3
    20 | D:1      | Reached skill level 3 in Unarmed Combat
   100 | D:1      | Gained mutation: Your flesh is cold resistant. (rC+) [demonic ancestry]
   100 | D:1      | Reached XP level 2. HP: 9/21 MP: 3/5
   167 | D:2      | HP: 1/21 [poisoned by an adder]
   177 | D:2      | HP: 1/21 [bat (1)]
   239 | D:2      | HP: 1/21 [dart slug/slug dart (4)]
   256 | D:1      | Reached XP level 3. HP: 3/26 MP: 3/6
   257 | D:1      | Quit the game

Skill      XL: |  1 |
---------------+----+-----
Unarmed Combat | 3 |  3.8
Fighting       | |  1.0
Dodging        | |  1.7
Spellcasting   | |  2.0
Transmutations | |  1.7

Action                   || total
-------------------------++-------
Melee: Unarmed           ||    41
       Kick              ||     5
       Headbutt          ||     3
 Cast: Beastly Appendage ||    10
Armor: Robe              ||     5
Dodge: Dodged            ||    22
